 Dungeon Crawl Stone Soup version 0.30-a0-860-g512cf1e979 (webtiles) character file.

Game seed: 14676179443445851564

399 M4edhros the Cudgeller (level 6, -5/36 HPs)
             Began as an Octopode Chaos Knight on Mar 7, 2023.
             Was a Plaything of Xom.
             Slain by an ogre
             ... wielding a +0 giant club
              (17 damage)
             ... on level 5 of the Dungeon.
             The game lasted 00:05:46 (30030 turns).

M4edhros the Cudgeller (Octopode Chaos Knight)     Turns: 30030, Time: 00:05:47

Health: -5/36      AC:  8    Str:  6 (9)  XL:     6   Next: 84%
Magic:  6/6        EV: 15    Int: 19 (20) God:    Xom [..*...]
Gold:   143        SH:  0    Dex: 16 (19) Spells: 5/5 levels left

rFire   + . .      SeeInvis .    j - +0 dagger (protect)
rCold   x . .      Faith    .    (no shield)
rNeg    . . .      Spirit   .    (helmet restricted)
rPois   .          Reflect  .    (no amulet)
rElec   .          Rampage  .    e - ring of fire
rCorr   .                        i - ring "Ceosyjo" {Int+5 Dex+6}
Will    +....                    (no ring)
Stlth   ++                       (no ring)
HPRegen 0.26/turn                (no ring)
MPRegen 0.10/turn                (no ring)
                                 (no ring)
                                 (no ring)

@: under a protective aura, bezotted
A: almost no armour, amphibious, 8 rings, camouflage 1, gelatinous body 1,
(nimble swimmer 1), tentacles, deterioration 1, strong-willed 1, weak 1
a: Renounce Religion


You were on level 5 of the Dungeon.
You worshipped Xom.
You were a toy of Xom.
You visited 1 branch of the dungeon, and saw 5 of its levels.

You collected 143 gold pieces.

Inventory:

Hand Weapons
 a - a +0 mace of chaos
 j - a +0 dagger of protection (weapon)
Jewellery
 e - a ring of fire (left tentacle)
 i - the ring "Ceosyjo" (right tentacle) {Int+5 Dex+6}
   (Xom gifted it to you on level 1 of the Dungeon)

   [ring of dexterity]

   Int:       It affects your intelligence (+5).
   Dex:       It affects your dexterity (+6).
Wands
 r - a wand of flame (7)
Scrolls
 c - a scroll of amnesia {unknown}
 d - a scroll of blinking {unknown}
 f - 4 scrolls of identify {unknown}
 l - 3 scrolls of teleportation
Potions
 g - a potion of invisibility {unknown}
 h - a potion of flight {unknown}
 k - a potion of berserk rage {unknown}
 m - a potion of ambrosia {unknown}
 n - a potion of heal wounds {unknown}
 o - a potion of curing {unknown}
 p - a potion of cancellation {unknown}
 q - a potion of brilliance {unknown}
Miscellaneous
 b - a piece from Xom's chessboard (15/15) (quivered)


   Skills:
 + Level 4.8 Fighting
 - Level 5.1 Maces & Flails
 + Level 4.4 Dodging


You had 5 spell levels left.
You didn't know any spells.
Your spell library contained the following spells:

 Spells                   Type           Power      Damage    Failure   Level
 Magic Dart               Conj           0%         1d3       21%         1
 Ensorcelled Hibernation  Hex/Ice        0%         N/A       30%         2
 Lesser Beckoning         Tloc           0%         N/A       30%         2
 Passwall                 Tmut/Erth      0%         N/A       30%         2
 Searing Ray              Conj           0%         2d4       30%         2
 Sublimation of Blood     Necr           0%         N/A       30%         2
 Gell's Gravitas          Tloc           0%         N/A       52%         3
 Swiftness                Air            0%         N/A       52%         3
 Teleport Other           Tloc           0%         N/A       52%         3
 Fulminant Prism          Conj/Hex       0%         3d5       90%         4
 Petrify                  Tmut/Erth      0%         N/A       90%         4
 Irradiate                Conj/Tmut      0%         3d11      99%         5


Dungeon Overview and Level Annotations

Branches:
Dungeon (5/15) Zot: 950    Temple (0/1) D:4

Altars:
Xom

Shops:
D:1 *[(


Innate Abilities, Weirdness & Mutations

You cannot wear most types of armour.
You are amphibious.
You can wear up to eight rings at the same time.
Your skin changes colour to match your surroundings (Stealth+).
Your rubbery body absorbs attacks. (AC +1, EV +1)
((You are camouflaged when in or above water. (Stealth+)))
You have tentacles for arms and can constrict up to eight enemies at once.
Your body sometimes deteriorates upon taking damage.
You are strong-willed. (Will+)
You are weak. (Str -2)


Message History

An ogre comes into view. It is wielding a +0 giant club.
An ogre is nearby!
Unknown command.
The ogre shouts!
An ogre is nearby!
Unknown command.
Unknown command.
The ogre hits you with a +0 giant club!!
Ouch! That really hurt!
* * * LOW HITPOINT WARNING * * *
A shower of butterflies erupts from you!
An ogre is nearby!
Unknown command.
You are too injured to fight recklessly!
Unknown command.
You are too injured to fight recklessly!
Unknown command.
You hit the ogre.
Your weapon exudes an aura of protection.
You squeeze the ogre!
The ogre is moderately wounded.
Unknown command.
Unknown command.
You hit the ogre.
The ogre is heavily wounded.
The ogre closely misses you.
Unknown command.
You hit the ogre.
The ogre is heavily wounded.
The ogre barely misses you.
Unknown command.
You hit the ogre.
The ogre is severely wounded.
Unknown command.
You hit the ogre.
The ogre is severely wounded.
You almost hear Xom's maniacal laughter.
Your silvery potion falls out of your pack, then immediately jumps back in!
The ogre hits you with a +0 giant club!
You die...

## ###
###.####.#
#.##..#.##
#.#.....#
#.....b.#
#....b..##
##........###
##..####.....###
##..##
#...#..@O#
###...#
#....###.......#
#....## #...##
####..... .....#
#...# ....
.....##.... ..#
###.......# ##
#...... #.......
........


You could see an ogre (ally target).

Vanquished Creatures
  A black bear (D:4)
  A phantom (D:2)
  A howler monkey (D:4)
  An orc priest (D:4)
  Jessica (D:2)
  An iguana (D:4)
  2 gnolls
  2 adders (D:2)
  A worm (D:2)
  2 dart slugs
  2 orcs (D:4)
  7 endoplasms
  5 giant cockroaches
  9 goblins
  8 hobgoblins
  3 quokkas (D:4)
  3 ball pythons (D:1)
  2 bats
  3 frilled lizards
  7 kobolds
  10 rats
72 creatures vanquished.

Notes
Turn   | Place    | Note
-------+----------+-------------------------------------------
     0 | D:1      | M4edhros the Octopode Chaos Knight began the quest for the
                  | Orb.
     0 | D:1      | Reached XP level 1. HP: 16/16 MP: 1/1
    26 | D:1      | Reached XP level 2. HP: 3/21 MP: 2/2
   176 | D:1      | Reached skill level 4 in Maces & Flails
   193 | D:1      | XOM: 1-stop teleportation journey
   257 | D:1      | Found Sostac's Antique Weapon Emporium.
   266 | D:1      | Reached XP level 3. HP: 26/26 MP: 3/3
   297 | D:1      | XOM: silly message
   345 | D:1      | Found Kuibig's Assorted Antiques.
   460 | D:1      | XOM: divination: detect items
   464 | D:1      | Found Ibamycug's Antique Armour Shoppe.
   531 | D:1      | XOM: silly message
   809 | D:2      | XOM: divination: detect creatures
  1065 | D:1      | XOM: divination: detect items
  1232 | D:1      | XOM: divination: magic mapping
  1925 | D:1      | XOM: cloud trail
  2341 | D:1      | XOM: cloud trail
  3120 | D:1      | XOM: stat loss: -1 Int (13/14)
  3255 | D:1      | XOM: silly message
  3919 | D:1      | XOM: scenery: create altars
  4029 | D:1      | Identified the ring "Ceosyjo" {Int+5 Dex+6} (Xom gifted it
                  | to you on level 1 of the Dungeon)
  4029 | D:1      | XOM: god gift: ring "Ceosyjo" {Int+5 Dex+6}
  4701 | D:1      | XOM is BORED!
  4701 | D:1      | XOM: give mutations
  4701 | D:1      | Gained mutation: You are clumsy. (Dex -2) [Xom's mischief]
  4701 | D:1      | Gained mutation: You occasionally shout uncontrollably at
                  | your foes. [Xom's mischief]
  4725 | D:1      | XOM: cloud trail
  6739 | D:1      | XOM: god gift: scroll labelled MIAS QEIGEOD {god gift}
  6856 | D:1      | XOM: give mutations
  6856 | D:1      | Gained mutation: You occasionally lose the ability to drink
                  | potions when taking damage. [Xom's mischief]
  6856 | D:1      | Gained mutation: Your body sometimes deteriorates upon
                  | taking damage. [Xom's mischief]
  6856 | D:1      | Lost mutation: You are clumsy. (Dex -2) [Xom's mischief]
  6856 | D:1      | Lost mutation: You occasionally lose the ability to drink
                  | potions when taking damage. [Xom's mischief]
  7463 | D:1      | XOM is BORED!
  7629 | D:1      | XOM: summons 1 hostile demon
  8305 | D:1      | XOM: give mutations
  8305 | D:1      | Gained mutation: Your magical capacity is low. (-10% MP)
                  | [Xom's mischief]
  8305 | D:1      | Gained mutation: You occasionally lose the ability to drink
                  | potions when taking damage. [Xom's mischief]
  9722 | D:1      | XOM: torment (14/26 hp)
 10835 | D:1      | XOM is BORED!
 10835 | D:1      | XOM: give mutations
 10835 | D:1      | Lost mutation: You occasionally shout uncontrollably at
                  | your foes. [Xom's mischief]
 10835 | D:1      | Lost mutation: Your magical capacity is low. (-10% MP)
                  | [Xom's mischief]
 10835 | D:1      | Lost mutation: You occasionally lose the ability to drink
                  | potions when taking damage. [Xom's mischief]
 10835 | D:1      | Gained mutation: Your body often deteriorates upon taking
                  | damage. [Xom's mischief]
 10908 | D:1      | XOM: summons 2 hostile demons
 10987 | D:1      | Glimpsed the power of Zot.
 11141 | D:2      | Reached XP level 4. HP: 31/31 MP: 4/4
 11192 | D:2      | Reached skill level 5 in Maces & Flails
 11404 | D:2      | XOM: scenery: create altars
 11482 | D:2      | Glimpsed the power of Zot.
 11496 | D:2      | Noticed a phantom
 11513 | D:2      | Killed a phantom
 11514 | D:2      | Reached XP level 5. HP: 14/36 MP: 5/5
 11850 | D:2      | Noticed Jessica
 11858 | D:2      | Killed Jessica
 11882 | D:2      | Glimpsed the power of Zot.
 11950 | D:2      | XOM: scenery: create altars
 11982 | D:2      | Touched by the power of Zot.
 11983 | D:3      | You fall into a shaft and drop 1 floor!
 12022 | D:4      | Reached XP level 6. HP: 31/35 MP: 6/6
 12540 | D:4      | Noticed a black bear
 12550 | D:4      | Killed a black bear
 12643 | D:4      | Found a staircase to the Ecumenical Temple.
 13026 | D:4      | XOM: cloud trail
 13178 | D:5      | Entered Level 5 of the Dungeon
 13473 | D:4      | XOM: divination: magic mapping
 14129 | D:4      | XOM: silly message
 14214 | D:4      | XOM is BORED!
 14412 | D:4      | XOM: god gift: scroll labelled KARARO JYOR {god gift}
 15426 | D:4      | XOM: god gift: iron wand {god gift}
 15461 | D:4      | XOM: scenery: summon butterflies
 15725 | D:4      | XOM: scenery: create altars
 15945 | D:4      | XOM is BORED!
 16205 | D:4      | XOM: divination: magic mapping
 16464 | D:4      | XOM: cloud trail
 16469 | D:4      | XOM: noise
 16704 | D:4      | XOM is BORED!
 16795 | D:4      | XOM: noise
 16954 | D:4      | XOM: silly message
 18024 | D:4      | XOM: silly message
 18116 | D:4      | XOM: cloud trail
 18816 | D:4      | XOM: god gift: 24 gold pieces
 18993 | D:4      | XOM: give mutation
 18993 | D:4      | Gained mutation: You are strong-willed. (Will+) [Xom's
                  | grace]
 19065 | D:4      | XOM: scenery: create altars
 19665 | D:4      | XOM: give mutation
 19665 | D:4      | Gained mutation: You are dopey. (Int -2) [Xom's mischief]
 19733 | D:4      | XOM: give mutation
 19733 | D:4      | Gained mutation: You occasionally shout uncontrollably at
                  | your foes. [Xom's mischief]
 20244 | D:4      | XOM: give mutations
 20244 | D:4      | Lost mutation: Your body often deteriorates upon taking
                  | damage. [Xom's mischief]
 20244 | D:4      | Lost mutation: You occasionally shout uncontrollably at
                  | your foes. [Xom's mischief]
 20441 | D:4      | XOM: noise
 20676 | D:4      | XOM: summons 1 hostile demon
 20709 | D:4      | XOM: torment (19/36 hp)
 20919 | D:4      | XOM: give mutations
 20919 | D:4      | Gained mutation: You are frail. (-10% HP) [Xom's mischief]
 20919 | D:4      | Lost mutation: You are dopey. (Int -2) [Xom's mischief]
 21274 | D:4      | XOM: summons 2 hostile demons
 21275 | D:4      | Noticed an ice devil
 21522 | D:4      | XOM: stat loss: -1 Int (19/20)
 21546 | D:4      | XOM: torment (17/32 hp)
 21565 | D:4      | XOM: give mutations
 21565 | D:4      | Gained mutation: You are dopey. (Int -2) [Xom's mischief]
 21565 | D:4      | Gained mutation: You are weak. (Str -2) [Xom's mischief]
 21565 | D:4      | Lost mutation: Your body sometimes deteriorates upon taking
                  | damage. [Xom's mischief]
 21825 | D:4      | XOM: stat loss: -1 Str (6/9)
 22560 | D:4      | XOM: give mutations
 22560 | D:4      | Gained mutation: Your body sometimes deteriorates upon
                  | taking damage. [Xom's mischief]
 22560 | D:4      | Gained mutation: You are highly strong-willed. (Will++)
                  | [Xom's mischief]
 22560 | D:4      | Lost mutation: You are highly strong-willed. (Will++)
                  | [Xom's mischief]
 22560 | D:4      | Gained mutation: You are very weak. (Str -4) [Xom's
                  | mischief]
 24098 | D:4      | XOM: give mutation
 24098 | D:4      | Lost mutation: You are strong-willed. (Will+) [Xom's
                  | mischief]
 24389 | D:4      | XOM is BORED!
 24389 | D:4      | XOM: noise
 25286 | D:4      | XOM: give mutations
 25286 | D:4      | Gained mutation: Your body often deteriorates upon taking
                  | damage. [Xom's mischief]
 25286 | D:4      | Lost mutation: You are dopey. (Int -2) [Xom's mischief]
 25286 | D:4      | Lost mutation: Your body often deteriorates upon taking
                  | damage. [Xom's mischief]
 25477 | D:4      | XOM: noise
 26309 | D:4      | XOM is BORED!
 26309 | D:4      | XOM: give mutations
 26309 | D:4      | Gained mutation: Your body often deteriorates upon taking
                  | damage. [Xom's mischief]
 26309 | D:4      | Gained mutation: You are strong-willed. (Will+) [Xom's
                  | mischief]
 26309 | D:4      | Lost mutation: You are frail. (-10% HP) [Xom's mischief]
 26527 | D:4      | XOM: cloud trail
 27239 | D:4      | XOM: give mutation
 27239 | D:4      | Gained mutation: You are agile. (Dex +4, Str/Int -1) [Xom's
                  | grace]
 27410 | D:4      | XOM: silly message
 27632 | D:4      | XOM: silly message
 27921 | D:4      | XOM: give mutations
 27921 | D:4      | Lost mutation: You are agile. (Dex +4, Str/Int -1) [Xom's
                  | mischief]
 27921 | D:4      | Lost mutation: Your body often deteriorates upon taking
                  | damage. [Xom's mischief]
 27921 | D:4      | Lost mutation: You are very weak. (Str -4) [Xom's mischief]
 28565 | D:4      | XOM is BORED!
 28565 | D:4      | XOM: noise
 29861 | D:4      | XOM is BORED!
 29861 | D:4      | XOM: silly message
 29982 | D:4      | Glimpsed the power of Zot.
 30025 | D:5      | XOM: butterfly on damage
 30030 | D:5      | XOM: silly message
 30030 | D:5      | Slain by an ogre

Illustrated notes

Levels and vault maps discovered:
D:1:      erik_arrival_cave_to_civilisation [erik_arrival_cave_to_hall],
          layout_rooms, serial_shops, shop, shop,
          nicolae_shop_overgrown_old_shop
D:2:      layout_loops_cross, serial_rivers, chequers_serial_rivers_large_b,
          chequers_serial_rivers_micro_e, chequers_serial_rivers_small_b,
          chequers_serial_rivers_room_b, hangedman_decor_push, minmay_ruptured,
          uniq_jessica
D:3:      layout_basic, st_stairs_7, serial_bayou_crossing
D:4:      layout_basic, temple_doors_ab, kennysheep_small_spiral,
          kennysheep_another_room, corexii_item_surrounded_by_moat,
          grunt_tough_drop
D:5:      layout_layer_cave, amcnicky_altar_gilded

Skill      XL: |  1  2  3  4  5  6 |
---------------+-------------------+-----
Maces & Flails | 4 5 |  5.1
Dodging        | 3 4 |  4.4
Fighting       | 4 |  4.8

Action                     |  1- 3 |  4- 6 || total
---------------------------+-------+-------++-------
  Melee: Mace              |    78 |    15 ||    93
         Constrict         |    21 |    26 ||    47
         Tentacles         |    14 |    29 ||    43
         Dagger            |       |    93 ||    93
         Punch             |       |     2 ||     2
    Use: Scroll            |     1 |     1 ||     2
   Stab: Sleeping          |     5 |     8 ||    13
 Armour: Skin              |     6 |    22 ||    28
  Dodge: Dodged            |    48 |    78 ||   126

Table legend: (Time is in decaauts)
 A = Elapsed time spent in this place.
 B = Non-inter-level travel time spent in this place.
 C = Inter-level travel time spent in this place.
 D = Time resting spent in this place.
 E = Time spent auto-exploring this place.
 F = Levels seen in this place.
 G = Mean time per level.
                   A        B        C        D        E       F      G
               +--------+--------+--------+--------+--------+-----+--------+
         Total |  30048 |  29897 |    151 |  26975 |   2282 |   5 | 6009.6 |
       Dungeon |  30048 |  29897 |    151 |  26975 |   2282 |   5 | 6009.6 |
               +--------+--------+--------+--------+--------+-----+--------+

Top non-repeatable levels by time:
     D:4: 17885 daAuts
     D:1: 10934 daAuts
     D:2: 1065 daAuts
     D:5: 162 daAuts
